Tucson Roadrunners vs Toronto St Pats
Created - Tuesday, March 5, 2024 at 07:18
Goals
|
| Tucson Roadrunners |
0 |
1 |
1 |
2 |
| Toronto St Pats |
1 |
1 |
1 |
3 |
|
Shots
|
| Tucson Roadrunners |
8 |
14 |
13 |
35 |
| Toronto St Pats |
14 |
10 |
11 |
35 |
|
1st period
1. Toronto St Pats , Austin Watson 10 (Quinton Byfield 22, Sheldon Dries 8) at 15:39
Penalties :
No Penalty
2nd period
2. Toronto St Pats , Lassi Thomson 2 (Filip Hallander 14, Connor Dewar 10) at 6:06 (PP)
3. Tucson Roadrunners , Logan Shaw 11 (William Carrier 16, Jaroslav Halak) at 16:02 (PP)
Penalties :
Robert Hagg (TRR) for Hooking (Minor) at 5:10, Scott Reedy (TRR) for Goalie Interference (Minor) at 13:19, Brendan Brisson (TSP) for Goalie Interference (Minor) at 15:46, Robert Hagg (TRR) for Tripping (Minor) at 16:15, Nick Seeler (TRR) for Tripping (Minor) at 17:13
3rd period
4. Toronto St Pats , Lucas Carlsson 1 (Quinton Byfield 23, Sheldon Dries 9) at 10:10 (PP)
5. Tucson Roadrunners , Anthony Richard 8 (Walker Duehr 4, Nick Seeler 7) at 17:46
Penalties :
Matt Nieto (TRR) for Interference (Minor) at 5:46, Robert Hagg (TRR) for Roughing (Minor) at 10:07, Corey Andonovski (TSP) for Hooking (Minor) at 11:08, Sean Walker (TSP) for Holding (Minor) at 18:02
Goalie Stats
Jaroslav Halak (TRR), 32 saves from 35 shots - (0.914), L, 2-2-0, 60:00 minutes
Cal Petersen (TSP), 33 saves from 35 shots - (0.943), W, 16-3-0, 60:00 minutes
Players Stats for Tucson Roadrunners
Player Name G A P +/- PIM S H SB GA TA FO MP PP MP PK MP
------------------------------------------------------------------------------------
Anthony Richard 1 0 1 1 0 3 3 0 1 2 0/0 11:19 0:18 0:00
Benjamin Jones 0 0 0 1 0 2 0 0 1 1 2/7 11:04 0:03 0:00
Brock McGinn 0 0 0 -1 0 5 0 0 0 0 0/3 18:55 2:08 3:37
Donovan Sebrango 0 0 0 0 0 0 1 3 0 0 0/0 15:46 0:00 1:41
Fabian Lysell 0 0 0 0 0 1 1 0 0 0 0/0 9:20 0:03 0:00
Johnathan Kovacevic 0 0 0 0 0 1 0 5 1 0 0/0 23:23 1:57 4:16
Logan Shaw 1 0 1 0 0 2 1 0 0 0 0/1 16:10 1:58 0:00
Marian Studenic 0 0 0 0 0 3 1 0 1 0 0/0 9:17 0:00 0:00
Mark Jankowski 0 0 0 -1 0 2 2 0 1 0 8/19 19:32 2:08 3:46
Matt Nieto 0 0 0 -1 2 3 3 1 0 0 1/5 18:20 2:08 2:41
Nick Seeler 0 1 1 0 2 0 4 2 0 2 0/0 21:41 1:45 3:04
Nicolas Petan 0 0 0 0 0 1 1 0 0 1 3/8 16:07 1:55 0:00
Ole Julian Bjorgvik Holm 0 0 0 0 0 0 1 1 0 1 0/0 13:51 0:42 0:00
Robert Hagg 0 0 0 0 6 4 2 0 0 1 0/0 21:56 1:57 2:52
Ronan Seeley 0 0 0 0 0 3 0 1 0 0 0/0 22:53 2:03 3:55
Scott Reedy 0 0 0 0 2 4 1 1 0 0 1/2 9:21 0:00 0:00
Walker Duehr 0 1 1 1 0 0 0 0 0 0 1/2 11:57 0:00 0:56
William Carrier 0 1 1 0 0 1 2 0 0 0 2/5 20:07 1:55 3:46
Players Stats for Toronto St Pats
Player Name G A P +/- PIM S H SB GA TA FO MP PP MP PK MP
------------------------------------------------------------------------------------
Austin Watson 1 0 1 1 0 1 2 0 0 0 0/0 19:30 3:52 1:42
Brendan Brisson 0 0 0 0 2 5 1 1 0 0 0/0 14:07 3:55 0:00
Connor Dewar 0 1 1 -1 0 7 2 0 1 0 0/1 17:57 3:55 2:22
Corey Andonovski 0 0 0 -1 2 0 0 0 0 0 0/0 11:48 0:07 0:08
Filip Hallander 0 1 1 0 0 2 4 0 0 1 5/11 19:53 3:55 2:22
Jake Leschyshyn 0 0 0 -1 0 1 2 1 1 0 4/5 11:29 0:07 0:00
Lassi Thomson 1 0 1 -1 0 1 0 0 0 0 0/0 20:33 4:02 1:58
Lucas Carlsson 1 0 1 -1 0 2 1 3 0 0 0/0 20:45 4:02 2:10
Nick Cousins 0 0 0 0 0 1 0 0 1 0 0/0 13:21 0:00 0:00
Nicolas Beaudin 0 0 0 1 0 0 1 0 0 0 0/0 13:43 0:00 0:00
Pierre-Olivier Joseph 0 0 0 0 0 0 2 0 1 2 0/0 24:07 3:52 2:14
Quinton Byfield 0 2 2 1 0 7 3 0 1 0 0/1 18:03 3:52 0:08
Riley Damiani 0 0 0 0 0 1 0 0 1 0 4/4 10:01 0:07 0:00
Scott Perunovich 0 0 0 1 0 1 0 1 0 0 0/0 14:38 0:00 1:02
Sean Walker 0 0 0 0 2 2 2 0 0 1 0/0 22:56 3:52 1:00
Sheldon Dries 0 2 2 1 0 2 1 0 1 1 21/29 19:09 3:52 1:42
Ville Koivunen 0 0 0 0 0 0 0 0 0 0 0/0 9:33 0:00 0:00
William Lockwood 0 0 0 0 0 2 2 0 1 0 0/1 13:21 0:00 0:00
3 Stars
1 - Quinton Byfield (TSP)
2 - Cal Petersen (TSP)
3 - Austin Watson (TSP)
Power Play
Tucson Roadrunners - 1 on 3 Attempt(s) - 33.33%
Toronto St Pats - 2 on 6 Attempt(s) - 33.33%
Penalty Kill
Tucson Roadrunners - 4 on 6 Attempt(s) - 66.67%
- Score 0 goal in Penalty Kill
Toronto St Pats - 2 on 3 Attempt(s) - 66.67%
- Score 0 goal in Penalty Kill
Team Stat
Tucson Roadrunners - Hits : 23 - Faceoff Wins : 18 - Blocked Shots : 14 - Penalty Minutes : 12
Toronto St Pats - Hits : 23 - Faceoff Wins : 34 - Blocked Shots : 6 - Penalty Minutes : 6
Official
Referees : Marc Joannette and Dennis LaRue
Linesman : Bryan Pancich and Scott Cherrey
Game Notes
No Game Note
Tucson Roadrunners
5 vs 5 Forward
Center Left Wing Right Wing Time % Phy DF OF
1 Mark Jankowski Matt Nieto Brock McGinn 35 1 2 2
2 Nicolas Petan William Carrier Logan Shaw 30 1 2 2
3 Benjamin Jones Anthony Richard Walker Duehr 25 1 2 2
4 Scott Reedy Marian Studenic Fabian Lysell 10 1 2 2
5 vs 5 Defense
Defense Defense Time % Phy DF OF
1 Johnathan Kovacevic Robert Hagg 35 1 2 2
2 Nick Seeler Ronan Seeley 30 1 2 2
3 Ole Julian Bjorgvik Holm Donovan Sebrango 25 1 2 2
4 Johnathan Kovacevic Robert Hagg 10 1 2 2
PowerPlay Forward
Center Left Wing Right Wing Time % Phy DF OF
1 Mark Jankowski Matt Nieto Brock McGinn 50 1 2 2
2 Nicolas Petan William Carrier Logan Shaw 50 1 2 2
PowerPlay Defense
Defense Defense Time % Phy DF OF
1 Johnathan Kovacevic Robert Hagg 50 1 2 2
2 Nick Seeler Ronan Seeley 50 1 2 2
Penalty Kill 4 Players Forward
Center Wing Time % Phy DF OF
1 Matt Nieto Brock McGinn 50 1 2 2
2 William Carrier Mark Jankowski 50 1 2 2
Penalty Kill 4 Players Defense
Defense Defense Time % Phy DF OF
1 Johnathan Kovacevic Robert Hagg 50 1 2 2
2 Nick Seeler Ronan Seeley 50 1 2 2
Penalty Kill - 3 Players Forward
Forward Time % Phy DF OF
1 Matt Nieto 50 1 2 2
2 Brock McGinn 50 1 2 2
Penalty Kill - 3 Players Defense
Defense Defense Time % Phy DF OF
1 Johnathan Kovacevic Robert Hagg 50 1 2 2
2 Nick Seeler Ronan Seeley 50 1 2 2
4 vs 4 Forward
Center Wing Time % Phy DF OF
1 Matt Nieto Brock McGinn 50 1 2 2
2 William Carrier Mark Jankowski 50 1 2 2
4 vs 4 Defense
Defense Defense Time % Phy DF OF
1 Johnathan Kovacevic Robert Hagg 50 1 2 2
2 Nick Seeler Ronan Seeley 50 1 2 2
Last Minutes Offensive
Center Left Wing Right Wing Defense Defense
Mark Jankowski Matt Nieto Brock McGinn Johnathan Kovacevic Robert Hagg
Last Minutes Defensive
Center Left Wing Right Wing Defense Defense
Mark Jankowski Matt Nieto Brock McGinn Johnathan Kovacevic Robert Hagg
Goaltenders
Starting : Jaroslav Halak
Backup : Kaapo Kahkonen
Extra Forwards
Normal : Anthony Richard, Benjamin Jones, Walker Duehr - PP : Anthony Richard, Benjamin Jones - PK : Walker Duehr
Extra Defensemen
Normal : Ole Julian Bjorgvik Holm, Donovan Sebrango, Nick Seeler - PP : Ole Julian Bjorgvik Holm - PK : Donovan Sebrango, Nick Seeler
Penalty Shots
Matt Nieto, Brock McGinn, William Carrier, Mark Jankowski, Nicolas Petan
Toronto St Pats
5 vs 5 Forward
Center Left Wing Right Wing Time % Phy DF OF
1 Sheldon Dries Quinton Byfield Austin Watson 30 1 2 2
2 Filip Hallander Nick Cousins William Lockwood 30 1 2 2
3 Jake Leschyshyn Connor Dewar Corey Andonovski 25 1 2 2
4 Riley Damiani Brendan Brisson Ville Koivunen 15 1 2 2
5 vs 5 Defense
Defense Defense Time % Phy DF OF
1 Sean Walker Pierre-Olivier Joseph 30 1 2 2
2 Lucas Carlsson Lassi Thomson 30 1 2 2
3 Nicolas Beaudin Scott Perunovich 25 1 2 2
4 Sean Walker Pierre-Olivier Joseph 15 1 2 2
PowerPlay Forward
Center Left Wing Right Wing Time % Phy DF OF
1 Sheldon Dries Quinton Byfield Austin Watson 50 1 2 2
2 Filip Hallander Connor Dewar Brendan Brisson 50 1 2 2
PowerPlay Defense
Defense Defense Time % Phy DF OF
1 Sean Walker Pierre-Olivier Joseph 50 1 2 2
2 Lucas Carlsson Lassi Thomson 50 1 2 2
Penalty Kill 4 Players Forward
Center Wing Time % Phy DF OF
1 Sheldon Dries Austin Watson 50 1 2 2
2 Filip Hallander Connor Dewar 50 1 2 2
Penalty Kill 4 Players Defense
Defense Defense Time % Phy DF OF
1 Sean Walker Pierre-Olivier Joseph 50 1 2 2
2 Lucas Carlsson Lassi Thomson 50 1 2 2
Penalty Kill - 3 Players Forward
Forward Time % Phy DF OF
1 Sheldon Dries 50 1 2 2
2 Filip Hallander 50 1 2 2
Penalty Kill - 3 Players Defense
Defense Defense Time % Phy DF OF
1 Sean Walker Pierre-Olivier Joseph 50 1 2 2
2 Lucas Carlsson Lassi Thomson 50 1 2 2
4 vs 4 Forward
Center Wing Time % Phy DF OF
1 Sheldon Dries Quinton Byfield 50 1 2 2
2 Filip Hallander Austin Watson 50 1 2 2
4 vs 4 Defense
Defense Defense Time % Phy DF OF
1 Sean Walker Pierre-Olivier Joseph 50 1 2 2
2 Lucas Carlsson Lassi Thomson 50 1 2 2
Last Minutes Offensive
Center Left Wing Right Wing Defense Defense
Sheldon Dries Quinton Byfield Austin Watson Sean Walker Pierre-Olivier Joseph
Last Minutes Defensive
Center Left Wing Right Wing Defense Defense
Filip Hallander Austin Watson William Lockwood Sean Walker Pierre-Olivier Joseph
Goaltenders
Starting : Cal Petersen
Backup : Hugo Alnefelt
Extra Forwards
Normal : Jake Leschyshyn, Riley Damiani, Corey Andonovski - PP : Jake Leschyshyn, Riley Damiani - PK : Corey Andonovski
Extra Defensemen
Normal : Nicolas Beaudin, Scott Perunovich, Lucas Carlsson - PP : Nicolas Beaudin - PK : Scott Perunovich, Lucas Carlsson
Penalty Shots
Quinton Byfield, Austin Watson, Nick Cousins, Sheldon Dries, Connor Dewar
% Time on Ice - Tucson Roadrunners
Lines # - Real PCT - Wanted PCT - Time Play
Normal Forward
1 - 27% - 35% - 13:10
2 - 30% - 30% - 14:26
3 - 23% - 25% - 11:01
4 - 19% - 10% - 9:17
Normal Defense
1 - 33% - 35% - 15:38
2 - 36% - 30% - 17:21
3 - 27% - 25% - 13:09
4 - 4% - 10% - 1:46
PP Forward
1 - 51% - 50% - 2:08
2 - 49% - 50% - 2:04
PP Defense
1 - 46% - 50% - 1:57
2 - 54% - 50% - 2:15
PK Forward
1 - 45% - 50% - 3:06
2 - 55% - 50% - 3:47
PK Defense
1 - 50% - 50% - 3:27
2 - 50% - 50% - 3:26
PK3 Forward
1 - 51% - 50% - 0:31
2 - 49% - 50% - 0:30
PK3 Defense
1 - 57% - 50% - 0:35
2 - 43% - 50% - 0:26
44 Forward
1 - 0% - 50%
2 - 0% - 50%
44 Defense
1 - 0% - 50%
2 - 0% - 50%
Last Minute Offensive - 0:00
Last Minute Defensive - 0:00
Total
Forward - 60:00
Defense - 60:00
|
% Time on Ice - Toronto St Pats
Lines # - Real PCT - Wanted PCT - Time Play
Normal Forward
1 - 28% - 30% - 13:24
2 - 28% - 30% - 13:33
3 - 24% - 25% - 11:33
4 - 20% - 15% - 9:24
Normal Defense
1 - 30% - 30% - 14:13
2 - 31% - 30% - 14:48
3 - 28% - 25% - 13:29
4 - 11% - 15% - 5:24
PP Forward
1 - 50% - 50% - 3:59
2 - 50% - 50% - 3:55
PP Defense
1 - 49% - 50% - 3:52
2 - 51% - 50% - 4:02
PK Forward
1 - 44% - 50% - 1:50
2 - 56% - 50% - 2:22
PK Defense
1 - 53% - 50% - 2:14
2 - 47% - 50% - 1:58
PK3 Forward
1 - 0% - 50%
2 - 0% - 50%
PK3 Defense
1 - 0% - 50%
2 - 0% - 50%
44 Forward
1 - 0% - 50%
2 - 0% - 50%
44 Defense
1 - 0% - 50%
2 - 0% - 50%
Last Minute Offensive - 0:00
Last Minute Defensive - 0:00
Total
Forward - 60:00
Defense - 60:00
|
Play-by-Play
1st period
0:01 of 1st period - Mark Jankowski wins face-off versus Sheldon Dries in neutral zone.
0:03 of 1st period - Off-side.
0:04 of 1st period - Mark Jankowski wins face-off versus Sheldon Dries in neutral zone.
0:39 of 1st period - Slapshot by Quinton Byfield.
0:39 of 1st period - Stopped by Jaroslav Halak without a rebound.
0:40 of 1st period - Filip Hallander wins face-off versus Logan Shaw in Tucson Roadrunners zone.
0:53 of 1st period - Wrist shot by Nicolas Petan.
0:53 of 1st period - Stopped by Cal Petersen without a rebound.
0:54 of 1st period - Jake Leschyshyn wins face-off versus Benjamin Jones in Toronto St Pats zone.
1:09 of 1st period - Snap shot by Jake Leschyshyn.
1:09 of 1st period - Shot Misses the Net.
1:21 of 1st period - Ville Koivunen is hit by William Carrier.
2:22 of 1st period - Wrist shot by Connor Dewar.
2:22 of 1st period - Stopped by Jaroslav Halak with a rebound.
2:45 of 1st period - Snap shot by Marian Studenic.
2:45 of 1st period - Shot Misses the Net.
2:47 of 1st period - Slapshot by Robert Hagg.
2:47 of 1st period - Deflect By Lucas Carlsson.
2:47 of 1st period - Stopped by Cal Petersen with a rebound.
2:49 of 1st period - Snap shot by Scott Reedy.
2:49 of 1st period - Stopped by Cal Petersen with a rebound.
2:51 of 1st period - Slapshot by Johnathan Kovacevic.
2:51 of 1st period - Deflect By Scott Reedy.
2:51 of 1st period - Stopped by Cal Petersen with a rebound.
2:53 of 1st period - Wrist shot by Scott Reedy.
2:53 of 1st period - Stopped by Cal Petersen with a rebound.
3:08 of 1st period - Filip Hallander is hit by Nick Seeler.
3:26 of 1st period - William Lockwood is hit by Nick Seeler and loses puck.
3:43 of 1st period - Wrist shot by Nick Cousins.
3:43 of 1st period - Shot Blocked by Ole Julian Bjorgvik Holm.
3:55 of 1st period - Wrist shot by William Lockwood.
3:55 of 1st period - Stopped by Jaroslav Halak with a rebound.
4:40 of 1st period - Snap shot by Marian Studenic.
4:40 of 1st period - Shot Misses the Net.
5:00 of 1st period - Snap shot by Filip Hallander.
5:00 of 1st period - Shot Blocked by Donovan Sebrango.
5:24 of 1st period - Slapshot by Nick Cousins.
5:24 of 1st period - Shot Blocked by Donovan Sebrango.
5:28 of 1st period - Wrist shot by Nick Cousins.
5:28 of 1st period - Shot Blocked by Scott Reedy.
5:38 of 1st period - Wrist shot by Filip Hallander.
5:38 of 1st period - Deflect By Fabian Lysell.
5:38 of 1st period - Shot Misses the Net.
5:38 of 1st period - Puck is out of play.
5:39 of 1st period - Jake Leschyshyn wins face-off versus Nicolas Petan in Tucson Roadrunners zone.
6:25 of 1st period - Snap shot by Riley Damiani.
6:25 of 1st period - Shot Misses the Net.
6:27 of 1st period - Snap shot by Brendan Brisson.
6:27 of 1st period - Shot Blocked by Johnathan Kovacevic.
6:29 of 1st period - Snap shot by Sean Walker.
6:29 of 1st period - Shot Blocked by Johnathan Kovacevic.
6:31 of 1st period - Slapshot by Pierre-Olivier Joseph.
6:31 of 1st period - Shot Misses the Net.
6:33 of 1st period - Snap shot by Riley Damiani.
6:33 of 1st period - Shot Misses the Net.
6:58 of 1st period - Mark Jankowski is hit by Austin Watson and loses puck.
7:32 of 1st period - Brock McGinn is hit by Pierre-Olivier Joseph and loses puck.
9:47 of 1st period - Walker Duehr is hit by Sheldon Dries and loses puck.
11:31 of 1st period - Nicolas Petan is hit by William Lockwood and loses puck.
13:00 of 1st period - Pierre-Olivier Joseph is hit by Mark Jankowski and loses puck.
13:11 of 1st period - Riley Damiani is hit by Nick Seeler and loses puck.
13:16 of 1st period - Wrist shot by Marian Studenic.
13:16 of 1st period - Stopped by Cal Petersen with a rebound.
13:18 of 1st period - Slapshot by Ronan Seeley.
13:18 of 1st period - Stopped by Cal Petersen without a rebound.
13:19 of 1st period - Filip Hallander wins face-off versus Benjamin Jones in Toronto St Pats zone.
13:40 of 1st period - Scott Perunovich is hit by Mark Jankowski and loses puck.
13:55 of 1st period - Austin Watson is hit by Robert Hagg.
13:59 of 1st period - Austin Watson is hit by Logan Shaw and loses puck.
14:27 of 1st period - Slapshot by Nick Seeler.
14:27 of 1st period - Deflect By Marian Studenic.
14:27 of 1st period - Shot Misses the Net.
14:27 of 1st period - Puck is out of play.
14:28 of 1st period - Jake Leschyshyn wins face-off versus Scott Reedy in Toronto St Pats zone.
14:50 of 1st period - Wrist shot by Marian Studenic.
14:50 of 1st period - Shot Misses the Net.
14:58 of 1st period - Slapshot by Connor Dewar.
14:58 of 1st period - Stopped by Jaroslav Halak with a rebound.
15:16 of 1st period - Jake Leschyshyn is hit by Marian Studenic and loses puck.
15:25 of 1st period - Snap shot by Connor Dewar.
15:25 of 1st period - Shot Misses the Net.
15:27 of 1st period - Wrist shot by Connor Dewar.
15:27 of 1st period - Stopped by Jaroslav Halak without a rebound.
15:28 of 1st period - Sheldon Dries wins face-off versus Brock McGinn in Tucson Roadrunners zone.
15:39 of 1st period - Snap shot by Austin Watson.
15:39 of 1st period - Goal by Austin Watson - Tucson Roadrunners : 0 - Toronto St Pats : 1.
15:40 of 1st period - Mark Jankowski wins face-off versus Sheldon Dries in neutral zone.
15:51 of 1st period - Snap shot by Matt Nieto.
15:51 of 1st period - Shot Misses the Net.
15:53 of 1st period - Slapshot by Brock McGinn.
15:53 of 1st period - Shot Misses the Net.
15:55 of 1st period - Slapshot by Robert Hagg.
15:55 of 1st period - Stopped by Cal Petersen with a rebound.
16:24 of 1st period - Nicolas Beaudin is hit by Anthony Richard and loses puck.
17:16 of 1st period - Nicolas Petan is hit by Nicolas Beaudin and loses puck.
17:29 of 1st period - Snap shot by Filip Hallander.
17:29 of 1st period - Shot Misses the Net.
17:31 of 1st period - Slapshot by William Lockwood.
17:31 of 1st period - Shot Misses the Net.
17:33 of 1st period - Slapshot by William Lockwood.
17:33 of 1st period - Shot Blocked by Nick Seeler.
17:52 of 1st period - Wrist shot by Nick Cousins.
17:52 of 1st period - Shot Misses the Net.
17:54 of 1st period - Wrist shot by Scott Perunovich.
17:54 of 1st period - Stopped by Jaroslav Halak with a rebound.
18:08 of 1st period - Snap shot by Logan Shaw.
18:08 of 1st period - Shot Blocked by Scott Perunovich.
18:22 of 1st period - Wrist shot by Nicolas Petan.
18:22 of 1st period - Shot Misses the Net.
18:33 of 1st period - Snap shot by Nick Cousins.
18:33 of 1st period - Shot Misses the Net.
18:41 of 1st period - Wrist shot by Filip Hallander.
18:41 of 1st period - Stopped by Jaroslav Halak with a rebound.
18:43 of 1st period - Snap shot by William Lockwood.
18:43 of 1st period - Stopped by Jaroslav Halak with a rebound.
19:03 of 1st period - Ronan Seeley is hit by Filip Hallander and loses puck.
19:25 of 1st period - Snap shot by Nick Cousins.
19:25 of 1st period - Stopped by Jaroslav Halak without a rebound.
19:26 of 1st period - Sheldon Dries wins face-off versus Mark Jankowski in Tucson Roadrunners zone.
19:27 of 1st period - Snap shot by Quinton Byfield.
19:27 of 1st period - Shot Misses the Net.
19:29 of 1st period - Snap shot by Quinton Byfield.
19:29 of 1st period - Stopped by Jaroslav Halak with a rebound.
19:31 of 1st period - Slapshot by Sean Walker.
19:31 of 1st period - Shot Misses the Net.
19:33 of 1st period - Snap shot by Quinton Byfield.
19:33 of 1st period - Stopped by Jaroslav Halak without a rebound.
19:34 of 1st period - Sheldon Dries wins face-off versus Mark Jankowski in Tucson Roadrunners zone.
19:37 of 1st period - Snap shot by Sheldon Dries.
19:37 of 1st period - Shot Misses the Net.
19:39 of 1st period - Slapshot by Pierre-Olivier Joseph.
19:39 of 1st period - Shot Misses the Net.
19:41 of 1st period - Slapshot by Sean Walker.
19:41 of 1st period - Stopped by Jaroslav Halak with a rebound.
19:43 of 1st period - Wrist shot by Sheldon Dries.
19:43 of 1st period - Stopped by Jaroslav Halak without a rebound.
19:44 of 1st period - Mark Jankowski wins face-off versus Sheldon Dries in Tucson Roadrunners zone.
19:44 of 1st period - Mark Jankowski is hit by Quinton Byfield.
19:58 of 1st period - Snap shot by Matt Nieto.
19:58 of 1st period - Shot Misses the Net.
Goals for this period are 0 for Tucson Roadrunners vs 1 for Toronto St Pats.
Shots for this period are 8 for Tucson Roadrunners vs 14 for Toronto St Pats.
2nd period
0:01 of 2nd period - Mark Jankowski wins face-off versus Quinton Byfield in neutral zone.
0:08 of 2nd period - Snap shot by Brock McGinn.
0:08 of 2nd period - Stopped by Cal Petersen with a rebound.
1:14 of 2nd period - Wrist shot by Benjamin Jones.
1:14 of 2nd period - Stopped by Cal Petersen without a rebound.
1:15 of 2nd period - Sheldon Dries wins face-off versus Benjamin Jones in Toronto St Pats zone.
2:03 of 2nd period - Lucas Carlsson is hit by Nick Seeler and loses puck.
2:12 of 2nd period - Snap shot by Marian Studenic.
2:12 of 2nd period - Stopped by Cal Petersen with a rebound.
2:14 of 2nd period - Snap shot by Marian Studenic.
2:14 of 2nd period - Deflect By Scott Reedy.
2:14 of 2nd period - Stopped by Cal Petersen with a rebound.
2:31 of 2nd period - Filip Hallander is hit by Anthony Richard and loses puck.
3:08 of 2nd period - Pierre-Olivier Joseph is hit by Scott Reedy and loses puck.
3:21 of 2nd period - Mark Jankowski is hit by William Lockwood and loses puck.
3:50 of 2nd period - Snap shot by Brock McGinn.
3:50 of 2nd period - Shot Blocked by Brendan Brisson.
3:52 of 2nd period - Snap shot by Matt Nieto.
3:52 of 2nd period - Shot Misses the Net.
3:54 of 2nd period - Wrist shot by Brock McGinn.
3:54 of 2nd period - Shot Blocked by Lucas Carlsson.
3:56 of 2nd period - Slapshot by Mark Jankowski.
3:56 of 2nd period - Shot Misses the Net.
3:58 of 2nd period - Wrist shot by Mark Jankowski.
3:58 of 2nd period - Shot Misses the Net.
4:00 of 2nd period - Snap shot by Brock McGinn.
4:00 of 2nd period - Stopped by Cal Petersen with a rebound.
4:02 of 2nd period - Slapshot by Ronan Seeley.
4:02 of 2nd period - Shot Misses the Net.
4:04 of 2nd period - Wrist shot by Brock McGinn.
4:04 of 2nd period - Stopped by Cal Petersen with a rebound.
4:06 of 2nd period - Slapshot by Brock McGinn.
4:06 of 2nd period - Stopped by Cal Petersen with a rebound.
4:08 of 2nd period - Slapshot by Ronan Seeley.
4:08 of 2nd period - Stopped by Cal Petersen with a rebound.
4:10 of 2nd period - Snap shot by Matt Nieto.
4:10 of 2nd period - Stopped by Cal Petersen without a rebound.
4:11 of 2nd period - Sheldon Dries wins face-off versus Benjamin Jones in Toronto St Pats zone.
4:11 of 2nd period - Sheldon Dries is hit by Robert Hagg.
4:32 of 2nd period - Sheldon Dries is hit by Anthony Richard and loses puck.
5:03 of 2nd period - Snap shot by Benjamin Jones.
5:03 of 2nd period - Shot Misses the Net.
5:10 of 2nd period - Minor Penalty to Robert Hagg for Hooking.
5:11 of 2nd period - Matt Nieto wins face-off versus Filip Hallander in Tucson Roadrunners zone.
6:02 of 2nd period - Snap shot by Connor Dewar.
6:02 of 2nd period - Shot Misses the Net.
6:04 of 2nd period - Wrist shot by Filip Hallander.
6:04 of 2nd period - Shot Blocked by Johnathan Kovacevic.
6:06 of 2nd period - Slapshot by Lassi Thomson.
6:06 of 2nd period - Goal by Lassi Thomson - Tucson Roadrunners : 0 - Toronto St Pats : 2.
6:07 of 2nd period - Sheldon Dries wins face-off versus Mark Jankowski in neutral zone.
6:18 of 2nd period - Slapshot by Sheldon Dries.
6:18 of 2nd period - Stopped by Jaroslav Halak without a rebound.
6:19 of 2nd period - Sheldon Dries wins face-off versus Brock McGinn in Tucson Roadrunners zone.
6:28 of 2nd period - Austin Watson is hit by Matt Nieto and loses puck.
7:38 of 2nd period - Sean Walker is hit by Nicolas Petan and loses puck.
7:57 of 2nd period - Snap shot by Quinton Byfield.
7:57 of 2nd period - Stopped by Jaroslav Halak without a rebound.
7:58 of 2nd period - Mark Jankowski wins face-off versus Connor Dewar in Tucson Roadrunners zone.
8:03 of 2nd period - Wrist shot by Mark Jankowski.
8:03 of 2nd period - Shot Blocked by Jake Leschyshyn.
8:05 of 2nd period - Slapshot by Matt Nieto.
8:05 of 2nd period - Shot Misses the Net.
8:29 of 2nd period - Slapshot by Fabian Lysell.
8:29 of 2nd period - Stopped by Cal Petersen with a rebound.
8:51 of 2nd period - Snap shot by Connor Dewar.
8:51 of 2nd period - Stopped by Jaroslav Halak with a rebound.
8:53 of 2nd period - Slapshot by Connor Dewar.
8:53 of 2nd period - Stopped by Jaroslav Halak with a rebound.
9:05 of 2nd period - Snap shot by Connor Dewar.
9:05 of 2nd period - Stopped by Jaroslav Halak with a rebound.
9:18 of 2nd period - Snap shot by Connor Dewar.
9:18 of 2nd period - Deflect By Ronan Seeley.
9:18 of 2nd period - Stopped by Jaroslav Halak with a rebound.
9:22 of 2nd period - Snap shot by Jake Leschyshyn.
9:22 of 2nd period - Stopped by Jaroslav Halak without a rebound.
9:23 of 2nd period - Scott Reedy wins face-off versus Filip Hallander in Tucson Roadrunners zone.
9:39 of 2nd period - Off-side.
9:40 of 2nd period - Riley Damiani wins face-off versus Mark Jankowski in neutral zone.
10:11 of 2nd period - Slapshot by Logan Shaw.
10:11 of 2nd period - Deflect By William Carrier.
10:11 of 2nd period - Shot Misses the Net.
10:11 of 2nd period - Puck is out of play.
10:12 of 2nd period - Nicolas Petan wins face-off versus Sheldon Dries in Toronto St Pats zone.
10:27 of 2nd period - Slapshot by William Carrier.
10:27 of 2nd period - Stopped by Cal Petersen with a rebound.
10:56 of 2nd period - Wrist shot by Riley Damiani.
10:56 of 2nd period - Shot Misses the Net.
10:58 of 2nd period - Snap shot by Ville Koivunen.
10:58 of 2nd period - Shot Misses the Net.
11:00 of 2nd period - Snap shot by Sean Walker.
11:00 of 2nd period - Shot Misses the Net.
11:02 of 2nd period - Snap shot by Ville Koivunen.
11:02 of 2nd period - Shot Misses the Net.
11:16 of 2nd period - Ole Julian Bjorgvik Holm is hit by Pierre-Olivier Joseph and loses puck.
11:39 of 2nd period - Snap shot by Marian Studenic.
11:39 of 2nd period - Shot Misses the Net.
12:11 of 2nd period - Snap shot by Brendan Brisson.
12:11 of 2nd period - Stopped by Jaroslav Halak with a rebound.
12:27 of 2nd period - Nick Seeler is hit by Sean Walker and loses puck.
12:52 of 2nd period - Marian Studenic is hit by Jake Leschyshyn and loses puck.
13:19 of 2nd period - Minor Penalty to Scott Reedy for Goalie Interference.
13:20 of 2nd period - William Carrier wins face-off versus Sheldon Dries in Tucson Roadrunners zone.
14:24 of 2nd period - Lassi Thomson is hit by Matt Nieto and loses puck.
14:50 of 2nd period - Johnathan Kovacevic is hit by Lucas Carlsson and loses puck.
15:19 of 2nd period - Penalty to Scott Reedy is over, Scott Reedy is back on ice.
15:34 of 2nd period - Wrist shot by Anthony Richard.
15:34 of 2nd period - Shot Misses the Net.
15:46 of 2nd period - Minor Penalty to Brendan Brisson for Goalie Interference.
15:47 of 2nd period - Filip Hallander wins face-off versus Nicolas Petan in Toronto St Pats zone.
16:02 of 2nd period - Snap shot by Logan Shaw.
16:02 of 2nd period - Goal by Logan Shaw - Tucson Roadrunners : 1 - Toronto St Pats : 2.
16:03 of 2nd period - Sheldon Dries wins face-off versus Mark Jankowski in neutral zone.
16:15 of 2nd period - Minor Penalty to Robert Hagg for Tripping.
16:16 of 2nd period - Sheldon Dries wins face-off versus William Carrier in Tucson Roadrunners zone.
16:43 of 2nd period - Snap shot by Brendan Brisson.
16:43 of 2nd period - Stopped by Jaroslav Halak with a rebound.
16:45 of 2nd period - Wrist shot by Connor Dewar.
16:45 of 2nd period - Shot Misses the Net.
16:47 of 2nd period - Wrist shot by Filip Hallander.
16:47 of 2nd period - Shot Blocked by Nick Seeler.
17:13 of 2nd period - Minor Penalty to Nick Seeler for Tripping.
17:14 of 2nd period - Sheldon Dries wins face-off versus Matt Nieto in Tucson Roadrunners zone.
17:39 of 2nd period - Pierre-Olivier Joseph is hit by Donovan Sebrango and loses puck.
17:44 of 2nd period - Snap shot by Johnathan Kovacevic.
17:44 of 2nd period - Stopped by Cal Petersen with a rebound.
17:46 of 2nd period - Snap shot by Brock McGinn.
17:46 of 2nd period - Stopped by Cal Petersen without a rebound.
17:47 of 2nd period - Sheldon Dries wins face-off versus Brock McGinn in Toronto St Pats zone.
18:15 of 2nd period - Penalty to Robert Hagg is over, Robert Hagg is back on ice.
19:13 of 2nd period - Penalty to Nick Seeler is over, Nick Seeler is back on ice.
Goals for this period are 1 for Tucson Roadrunners vs 1 for Toronto St Pats.
Shots for this period are 14 for Tucson Roadrunners vs 10 for Toronto St Pats.
3rd period
0:01 of 3rd period - Sheldon Dries wins face-off versus Matt Nieto in neutral zone.
0:03 of 3rd period - Off-side.
0:04 of 3rd period - Sheldon Dries wins face-off versus Mark Jankowski in neutral zone.
0:20 of 3rd period - Wrist shot by Quinton Byfield.
0:20 of 3rd period - Stopped by Jaroslav Halak with a rebound.
0:39 of 3rd period - Icing by Anthony Richard.
0:40 of 3rd period - Benjamin Jones wins face-off versus William Lockwood in Tucson Roadrunners zone.
1:05 of 3rd period - Matt Nieto is hit by Quinton Byfield and loses puck.
2:09 of 3rd period - Snap shot by Lucas Carlsson.
2:09 of 3rd period - Deflect By Filip Hallander.
2:09 of 3rd period - Stopped by Jaroslav Halak with a rebound.
2:11 of 3rd period - Wrist shot by Filip Hallander.
2:11 of 3rd period - Deflect By William Lockwood.
2:11 of 3rd period - Shot Misses the Net.
2:11 of 3rd period - Puck is out of play.
2:12 of 3rd period - Sheldon Dries wins face-off versus Matt Nieto in Tucson Roadrunners zone.
3:09 of 3rd period - Slapshot by Nick Cousins.
3:09 of 3rd period - Shot Misses the Net.
3:15 of 3rd period - Snap shot by Nick Cousins.
3:15 of 3rd period - Shot Misses the Net.
3:27 of 3rd period - Slapshot by Brendan Brisson.
3:27 of 3rd period - Stopped by Jaroslav Halak with a rebound.
3:45 of 3rd period - Donovan Sebrango is hit by Quinton Byfield.
3:53 of 3rd period - Snap shot by Matt Nieto.
3:53 of 3rd period - Stopped by Cal Petersen without a rebound.
3:54 of 3rd period - Nicolas Petan wins face-off versus Filip Hallander in Toronto St Pats zone.
4:03 of 3rd period - Slapshot by Robert Hagg.
4:03 of 3rd period - Deflect By Filip Hallander.
4:03 of 3rd period - Stopped by Cal Petersen with a rebound.
4:06 of 3rd period - Icing by Filip Hallander.
4:07 of 3rd period - Filip Hallander wins face-off versus Mark Jankowski in Toronto St Pats zone.
4:07 of 3rd period - Filip Hallander is hit by Matt Nieto.
4:13 of 3rd period - Matt Nieto is hit by Filip Hallander and loses puck.
4:57 of 3rd period - Marian Studenic is hit by Connor Dewar and loses puck.
5:14 of 3rd period - Slapshot by Marian Studenic.
5:14 of 3rd period - Stopped by Cal Petersen without a rebound.
5:15 of 3rd period - Riley Damiani wins face-off versus Benjamin Jones in Toronto St Pats zone.
5:40 of 3rd period - Sheldon Dries is hit by Ole Julian Bjorgvik Holm and loses puck.
5:46 of 3rd period - Minor Penalty to Matt Nieto for Interference.
5:47 of 3rd period - Sheldon Dries wins face-off versus Walker Duehr in Tucson Roadrunners zone.
6:21 of 3rd period - Backhand shot by Brendan Brisson.
6:21 of 3rd period - Stopped by Jaroslav Halak without a rebound.
6:22 of 3rd period - Sheldon Dries wins face-off versus William Carrier in Tucson Roadrunners zone.
6:23 of 3rd period - Snap shot by Quinton Byfield.
6:23 of 3rd period - Shot Hit the Post.
6:25 of 3rd period - Wrist shot by Quinton Byfield.
6:25 of 3rd period - Stopped by Jaroslav Halak with a rebound.
6:57 of 3rd period - Slapshot by Lassi Thomson.
6:57 of 3rd period - Deflect By Brendan Brisson.
6:57 of 3rd period - Stopped by Jaroslav Halak without a rebound.
6:58 of 3rd period - Walker Duehr wins face-off versus Sheldon Dries in Tucson Roadrunners zone.
7:25 of 3rd period - Mark Jankowski is hit by Brendan Brisson.
7:46 of 3rd period - Penalty to Matt Nieto is over, Matt Nieto is back on ice.
8:09 of 3rd period - Snap shot by Anthony Richard.
8:09 of 3rd period - Stopped by Cal Petersen with a rebound.
8:11 of 3rd period - Wrist shot by Anthony Richard.
8:11 of 3rd period - Stopped by Cal Petersen with a rebound.
8:13 of 3rd period - Snap shot by Benjamin Jones.
8:13 of 3rd period - Shot Blocked by Lucas Carlsson.
8:15 of 3rd period - Snap shot by Benjamin Jones.
8:15 of 3rd period - Shot Misses the Net.
8:17 of 3rd period - Slapshot by Ronan Seeley.
8:17 of 3rd period - Stopped by Cal Petersen with a rebound.
8:19 of 3rd period - Wrist shot by Benjamin Jones.
8:19 of 3rd period - Stopped by Cal Petersen with a rebound.
9:16 of 3rd period - Donovan Sebrango is hit by Austin Watson and loses puck.
9:27 of 3rd period - Wrist shot by Nick Cousins.
9:27 of 3rd period - Shot Blocked by Donovan Sebrango.
9:29 of 3rd period - Slapshot by Pierre-Olivier Joseph.
9:29 of 3rd period - Shot Misses the Net.
9:31 of 3rd period - Wrist shot by Sean Walker.
9:31 of 3rd period - Stopped by Jaroslav Halak with a rebound.
9:41 of 3rd period - Brendan Brisson is hit by Fabian Lysell and loses puck.
10:07 of 3rd period - Minor Penalty to Robert Hagg for Roughing.
10:08 of 3rd period - Sheldon Dries wins face-off versus Matt Nieto in Tucson Roadrunners zone.
10:08 of 3rd period - Snap shot by Quinton Byfield.
10:08 of 3rd period - Shot Blocked by Ronan Seeley.
10:10 of 3rd period - Slapshot by Lucas Carlsson.
10:10 of 3rd period - Goal by Lucas Carlsson - Tucson Roadrunners : 1 - Toronto St Pats : 3.
10:11 of 3rd period - Sheldon Dries wins face-off versus Mark Jankowski in neutral zone.
10:18 of 3rd period - Matt Nieto is hit by Sean Walker and loses puck.
10:37 of 3rd period - Johnathan Kovacevic is hit by Filip Hallander and loses puck.
11:06 of 3rd period - Snap shot by Benjamin Jones.
11:06 of 3rd period - Shot Blocked by Lucas Carlsson.
11:08 of 3rd period - Minor Penalty to Corey Andonovski for Hooking.
11:09 of 3rd period - Mark Jankowski wins face-off versus Filip Hallander in Toronto St Pats zone.
11:18 of 3rd period - Wrist shot by Matt Nieto.
11:18 of 3rd period - Stopped by Cal Petersen without a rebound.
11:19 of 3rd period - Mark Jankowski wins face-off versus Filip Hallander in Toronto St Pats zone.
11:38 of 3rd period - Slapshot by Mark Jankowski.
11:38 of 3rd period - Stopped by Cal Petersen without a rebound.
11:39 of 3rd period - William Carrier wins face-off versus Sheldon Dries in Toronto St Pats zone.
11:40 of 3rd period - Snap shot by Logan Shaw.
11:40 of 3rd period - Stopped by Cal Petersen without a rebound.
11:41 of 3rd period - Sheldon Dries wins face-off versus William Carrier in Toronto St Pats zone.
12:53 of 3rd period - Icing by Ronan Seeley.
12:54 of 3rd period - Nicolas Petan wins face-off versus Filip Hallander in Tucson Roadrunners zone.
12:56 of 3rd period - Icing by William Carrier.
12:57 of 3rd period - Filip Hallander wins face-off versus Nicolas Petan in Tucson Roadrunners zone.
13:08 of 3rd period - Penalty to Corey Andonovski is over, Corey Andonovski is back on ice.
13:26 of 3rd period - Wrist shot by Mark Jankowski.
13:26 of 3rd period - Stopped by Cal Petersen with a rebound.
13:28 of 3rd period - Wrist shot by Mark Jankowski.
13:28 of 3rd period - Shot Misses the Net.
13:46 of 3rd period - Icing by Sean Walker.
13:47 of 3rd period - Riley Damiani wins face-off versus Nicolas Petan in Toronto St Pats zone.
14:04 of 3rd period - Snap shot by Riley Damiani.
14:04 of 3rd period - Stopped by Jaroslav Halak without a rebound.
14:05 of 3rd period - Sheldon Dries wins face-off versus Mark Jankowski in Tucson Roadrunners zone.
14:06 of 3rd period - Snap shot by Quinton Byfield.
14:06 of 3rd period - Shot Blocked by Johnathan Kovacevic.
14:14 of 3rd period - Wrist shot by Quinton Byfield.
14:14 of 3rd period - Shot Blocked by Matt Nieto.
14:16 of 3rd period - Wrist shot by Quinton Byfield.
14:16 of 3rd period - Stopped by Jaroslav Halak with a rebound.
14:18 of 3rd period - Slapshot by Lucas Carlsson.
14:18 of 3rd period - Stopped by Jaroslav Halak with a rebound.
14:20 of 3rd period - Slapshot by Lassi Thomson.
14:20 of 3rd period - Shot Blocked by Johnathan Kovacevic.
14:30 of 3rd period - Robert Hagg is hit by Filip Hallander.
14:38 of 3rd period - Nick Cousins is hit by William Carrier and loses puck.
15:30 of 3rd period - Icing by Nick Seeler.
15:31 of 3rd period - Jake Leschyshyn wins face-off versus Nicolas Petan in Tucson Roadrunners zone.
15:32 of 3rd period - Wrist shot by Connor Dewar.
15:32 of 3rd period - Shot Misses the Net.
15:46 of 3rd period - Nick Seeler is hit by Jake Leschyshyn and loses puck.
16:54 of 3rd period - Snap shot by Connor Dewar.
16:54 of 3rd period - Shot Misses the Net.
16:56 of 3rd period - Snap shot by Connor Dewar.
16:56 of 3rd period - Shot Misses the Net.
17:10 of 3rd period - Icing by Walker Duehr.
17:11 of 3rd period - Riley Damiani wins face-off versus Mark Jankowski in Tucson Roadrunners zone.
17:44 of 3rd period - Snap shot by Walker Duehr.
17:44 of 3rd period - Shot Misses the Net.
17:46 of 3rd period - Wrist shot by Walker Duehr.
17:46 of 3rd period - Deflect By Anthony Richard.
17:46 of 3rd period - Goal by Anthony Richard - Tucson Roadrunners : 2 - Toronto St Pats : 3.
17:47 of 3rd period - Benjamin Jones wins face-off versus Jake Leschyshyn in neutral zone.
17:51 of 3rd period - Wrist shot by Walker Duehr.
17:51 of 3rd period - Shot Misses the Net.
17:53 of 3rd period - Slapshot by Robert Hagg.
17:53 of 3rd period - Stopped by Cal Petersen with a rebound.
18:02 of 3rd period - Minor Penalty to Sean Walker for Holding.
18:03 of 3rd period - Sheldon Dries wins face-off versus Mark Jankowski in Toronto St Pats zone.
19:36 of 3rd period - Brock McGinn is hit by Connor Dewar and loses puck.
Goals for this period are 1 for Tucson Roadrunners vs 1 for Toronto St Pats.
Shots for this period are 13 for Tucson Roadrunners vs 11 for Toronto St Pats.
Back to the Top